 Dungeon Crawl Stone Soup version 0.29.1-12-g30fa7ad0bf (webtiles) character file.

Game seed: 4302228222214916195

35 Descartes the Shield-Bearer (level 3, -1/30 HPs)
             Began as a Formicid Fighter on Dec 21, 2022.
             Succumbed to an adder's poison
             ... on level 2 of the Dungeon.
             The game lasted 00:01:14 (1122 turns).

Descartes the Shield-Bearer (Formicid Fighter)      Turns: 1122, Time: 00:01:15

Health: -1/30      AC:  7    Str: 22    XL:     3   Next: 52%
Magic:  3/3        EV:  9    Int:  7    God:
Gold:   55         SH:  5    Dex: 13    Spells: 2/2 levels left

rFire   . . .      SeeInvis +   a - +0 war axe
rCold   . . .      Faith    .   c - +0 buckler
rNeg    + . .      Spirit   .   b - +0 scale mail
rPois   .          Reflect  .   (helmet unavailable)
rElec   .          Harm     .   (no cloak)
rCorr   .          Rampage  .   (no gloves)
Will    .....                   (no boots)
Stlth   ..........              (no amulet)
HPRegen 0.10/turn               i - ring of positive energy
MPRegen 0.08/turn               (no ring)

@: lethally poisoned (-1 -> -8)
A: permanent stasis, dig shafts and tunnels, antennae 3, four strong arms
a: Dig, Shaft Self


You were on level 2 of the Dungeon.
You visited 1 branch of the dungeon, and saw 2 of its levels.

You collected 55 gold pieces.

Inventory:

Hand Weapons
 a - a +0 war axe (weapon)
Armour
 b - a +0 scale mail (worn)
 c - a +0 buckler (worn)
Jewellery
 i - a ring of positive energy (left hand)
Scrolls
 e - a scroll of enchant armour {unknown}
 f - a scroll of enchant weapon {unknown}
 g - 3 scrolls of identify {unknown}
 j - a scroll of poison {unknown}
Potions
 d - a potion of might
 h - a potion of mutation {unknown}
 k - a potion of curing {unknown}
 l - a potion of brilliance {unknown}


   Skills:
 + Level 3.7 Fighting
 + Level 2.4 Axes
 + Level 3.7 Armour
 + Level 4.4 Shields


You had 2 spell levels left.
You didn't know any spells.
Your spell library was empty.

Dungeon Overview and Level Annotations

Branches:
Dungeon (2/15)

Altars:


Innate Abilities, Weirdness & Mutations

You cannot be hasted, slowed, berserked, paralysed or teleported.
You can dig through walls and to a lower floor.
You have a pair of large antennae on your head. (SInv)
Your four strong arms can wield two-handed weapons with a shield.


Message History

The adder is moderately wounded.
You feel sick. The adder bites you. The adder closely misses you.
You barely miss the adder.
The adder is moderately wounded.
You feel sick.
You are no longer poisoned.
You block the adder's attack. The adder bites you but does no damage.
You barely miss the adder.
The adder is moderately wounded.
The adder completely misses you. The adder bites you but does no damage.
Unknown command.
You completely miss the adder.
The adder is moderately wounded.
The adder bites you but does no damage. The adder barely misses you.
You hit the adder.
The adder is severely wounded.
The adder closely misses you.
You miss the adder.
The adder is severely wounded.
The adder bites you.
You are poisoned.
The adder poisons you! The adder bites you but does no damage.
You barely miss the adder.
The adder is severely wounded.
* * * LOW HITPOINT WARNING * * *
You feel very sick. The adder bites you.
* * * LOW HITPOINT WARNING * * *
You are lethally poisoned!
The adder poisons you! The adder bites you.
* * * LOW HITPOINT WARNING * * *
You barely miss the adder.
The adder is severely wounded.
* * * LOW HITPOINT WARNING * * *
You feel very sick. The adder bites you but does no damage.
The adder bites you.
* * * LOW HITPOINT WARNING * * *
You hit the adder.
You kill the adder!
You die...

####### ......# .....#
..... # #..# #.#####.#
####.......######
.......@.....†.>#
...#..[..######.########
........................
..####.#................
# #..#............)..
#.#.#........8..... #.
#.#............. #.
##.#.....8......
##.#......(....


There were no monsters in sight!

Vanquished Creatures
  An adder (D:2)
  A worm (D:2)
  3 ball pythons
  2 endoplasms
  A giant cockroach (D:2)
  4 goblins (D:1)
  4 hobgoblins
  2 jackals (D:1)
  A kobold (D:2)
  3 quokkas
  3 bats
  4 frilled lizards
  A rat (D:1)
30 creatures vanquished.

Notes
Turn   | Place    | Note
-------+----------+-------------------------------------------
     0 | D:1      | Descartes the Formicid Fighter began the quest for the Orb.
     0 | D:1      | Reached XP level 1. HP: 18/18 MP: 1/1
   190 | D:1      | Reached XP level 2. HP: 24/24 MP: 2/2
   344 | D:1      | Found a faded altar of an unknown god.
   345 | D:1      | Noticed a great orb of eyes
   436 | D:1      | Noticed an eye of devastation
   497 | D:1      | Noticed a floating eye
   516 | D:1      | Noticed a great orb of eyes
   814 | D:2      | Reached XP level 3. HP: 29/29 MP: 3/3
  1121 | D:2      | HP: 1/30 [adder (1)]
  1122 | D:2      | Succumbed to an adder's poison

Illustrated notes

Levels and vault maps discovered:
D:1:      scummos_arrival_simple_crosswalls, layout_basic,
          hellmonk_ecumenical_altar_watching_god
D:2:      wad_pebble_path, layout_rooms, st_stairs_10

Action                   || total
-------------------------++-------
Melee: War axe           ||    84
Armor: Scale mail        ||    66
Dodge: Dodged            ||    49
Block: Buckler           ||    27
